 Dungeon Crawl Stone Soup version 0.29.1-12-g30fa7ad0bf (webtiles) character file.

Game seed: 2820108905031081868

49 DildoBatman the Conjurer (level 4, 0/29 (32) HPs)
             Began as a Formicid Conjurer on Jan 18, 2023.
             Slain by a jackal (3 damage)
             ... on level 3 of the Dungeon.
             The game lasted 00:03:56 (1375 turns).

DildoBatman the Conjurer (Formicid Conjurer)        Turns: 1375, Time: 00:03:56

HP:   0/29 (32)     AC:  4    Str: 14    XL:     4   Next: 1%
MP:   6/8           EV: 11    Int: 19    God:
Gold: 58            SH:  0    Dex: 12    Spells: 5/8 levels left

rFire   . . .      SeeInvis +   a - +0 arbalest
rCold   . . .      Faith    .   (no shield)
rNeg    . . .      Spirit   .   m - +1 leather armour "Lejuke" {rCorr Str+2 Stlth+}
rPois   .          Reflect  .   (helmet unavailable)
rElec   .          Harm     .   (no cloak)
rCorr   +          Rampage  .   (no gloves)
Will    .....                   (no boots)
Stlth   +++.......              (no amulet)
HPRegen 0.09/turn               (no ring)
MPRegen 0.11/turn               (no ring)

@: drained
A: permanent stasis, dig shafts and tunnels, antennae 3, four strong arms
a: Dig, Shaft Self


You were on level 3 of the Dungeon.
You visited 1 branch of the dungeon, and saw 3 of its levels.

You collected 58 gold pieces.

Inventory:

Hand Weapons
 a - a +0 arbalest (weapon)
 b - a +0 short sword
Missiles
 i - 10 stones
Armour
 m - the +1 leather armour "Lejuke" (worn) {rCorr Str+2 Stlth+}
   (You found it on level 2 of the Dungeon)

   Str:       It affects your strength (+2).
   rCorr:     It protects you from acid and corrosion.
   Stlth:     It makes you more stealthy.
Scrolls
 c - 2 scrolls of blinking {unknown}
 e - 4 scrolls of identify {unknown}
 g - a scroll of magic mapping {unknown}
 j - a scroll of amnesia {unknown}
 q - a scroll of teleportation {unknown}
Potions
 d - 2 potions of flight {unknown}
 f - a potion of magic
 h - a potion of berserk rage {unknown}
 k - a potion of attraction {unknown}
 l - 2 potions of degeneration {unknown}
 n - a potion of heal wounds {unknown}
 o - a potion of curing {unknown}
 p - a potion of might {unknown}


   Skills:
 * Level 1.4 Fighting
 * Level 1.4 Armour
 - Level 2.0 Dodging
 - Level 2.4 Stealth
 * Level 2.7 Spellcasting
 * Level 3.9 Conjurations


You had 5 spell levels left.
You knew the following spells:

 Your Spells              Type           Power      Damage    Failure   Level
a - Searing Ray           Conj           34%        2d5       6%          2
c - Magic Dart            Conj           68%        1d6       3%          1

Your spell library contained the following spells:

 Spells                   Type           Power      Damage    Failure   Level
 Dazzling Flash           Conj/Hex       20%        N/A       26%         3
 Fulminant Prism          Conj/Hex       5%         3d7       65%         4
 Iskenderun's Mystic Bla  Conj/Tloc      10%        2d4       65%         4


Dungeon Overview and Level Annotations

Branches:
Dungeon (3/15)

Altars:

Annotations:
D:1 exclusion: imperial myrmidon, Sigmund


Innate Abilities, Weirdness & Mutations

You cannot be hasted, slowed, berserked, paralysed or teleported.
You can dig through walls and to a lower floor.
You have a pair of large antennae on your head. (SInv)
Your four strong arms can wield two-handed weapons with a shield.


Message History

You shout for attention!
The jackal misses you. The jackal bites you.
The jackal bites you but does no damage.
The jackal bites you.
The jackal bites you but does no damage.
The jackal barely misses you. The jackal bites you. x2
What are your orders? t - Shout!
Orders for allies: a - Attack new target. r - Retreat! s - Stop attacking. g - Guard the area. f - Follow me.
Anything else - Cancel.
You shout for attention!
The jackal bites you.
The jackal bites you but does no damage. x3
What are your orders? t - Shout!
Orders for allies: a - Attack new target. r - Retreat! s - Stop attacking. g - Guard the area. f - Follow me.
Anything else - Cancel.
You shout for attention!
The jackal closely misses you.
The jackal bites you but does no damage.
The jackal barely misses you.
The jackal bites you but does no damage.
What are your orders? t - Shout!
Orders for allies: a - Attack new target. r - Retreat! s - Stop attacking. g - Guard the area. f - Follow me.
Anything else - Cancel.
You shout for attention!
The jackal bites you but does no damage.
The jackal misses you. The jackal barely misses you. The jackal bites you.
You die...

## ..#.#
###.#.#
#<#.#.#
##.#.#.#
#..#.#.#
#.##.#.#
#....#.#
####.@h#
#.....hhh#
######>KSh..
....g....
#######...#
.... #.. ..


You could see an adder, 5 jackals, a hobgoblin and a kobold.

Vanquished Creatures
  An adder (D:2)
  A worm (D:2)
  A dart slug (D:2)
  2 endoplasms (D:1)
  A giant cockroach (D:1)
  4 goblins
  2 hobgoblins (D:1)
  2 jackals (D:1)
  A quokka (D:2)
  4 bats
  5 frilled lizards
  4 kobolds (D:1)
  8 rats
36 creatures vanquished.

Notes
Turn   | Place    | Note
-------+----------+-------------------------------------------
     0 | D:1      | DildoBatman the Formicid Conjurer began the quest for the
                  | Orb.
     0 | D:1      | Reached XP level 1. HP: 13/13 MP: 3/3
    31 | D:1      | Noticed a komodo dragon
    31 | D:1      | Noticed a tyrant leech
    31 | D:1      | Noticed an imperial myrmidon
    32 | D:1      | Noticed a hell rat
    32 | D:1      | Noticed a yaktaur
   127 | D:1      | Reached XP level 2. HP: 20/20 MP: 0/5
   130 | D:1      | Learned a level 2 spell: Searing Ray
   684 | D:1      | Reached skill level 1 in Fighting
   753 | D:1      | Reached skill level 1 in Armour
   843 | D:1      | Reached XP level 3. HP: 26/26 MP: 6/6
   948 | D:2      | Noticed Sigmund
  1147 | D:2      | Identified the +1 leather armour "Lejuke" {rCorr Str+2
                  | Stlth+}
  1336 | D:2      | Reached XP level 4. HP: 17/32 MP: 1/8
  1375 | D:3      | Slain by a jackal

Illustrated notes

Levels and vault maps discovered:
D:1:      onia_arrival_zoo_common, layout_basic
D:2:      layout_rooms, basic_altar, minmay_misc_feat_rugged, uniq_sigmund
D:3:      layout_basic, hellmonk_ecumenical_altar_leap_of_faith, uniq_grinder

Skill      XL: |  1  2 |
---------------+-------+-----
Dodging        | 2 |  2.0
Fighting       | 1 |  1.4
Armour         | 1 |  1.4
Stealth        | |  2.4
Spellcasting   | |  2.7
Conjurations   | |  3.9

Action                   |  1- 3 |  4- 6 || total
-------------------------+-------+-------++-------
Melee: Club              |     9 |       ||     9
       Whip              |     5 |       ||     5
       Short sword       |     2 |       ||     2
 Fire: Arbalest          |    33 |       ||    33
 Cast: Magic Dart        |    19 |       ||    19
       Searing Ray       |     6 |       ||     6
 Abil: Dig               |     1 |     3 ||     4
 Stab: Sleeping          |     1 |       ||     1
Armor: Robe              |     7 |       ||     7
       Leather armour    |     1 |    16 ||    17
Dodge: Dodged            |    29 |    17 ||    46
